AoeStats
← andresphones

Arabia

505356792Analyzed
1v1 RM · 23d ago on Sep 9, 2026· 45m 27s· 2 players
Game mode
Random Map
Map size
Tiny (2 player)
Population
200
Speed
Normal
Resources
Standard
Victory
Conquest
Starting age
Dark Age
Ending age
Imperial Age
RankedLock teamsTeams togetherTeam positionsShared explorationLock speedFull tech treeHidden civsTurbo modeCheats
Victory
Defeat
🇨🇴 Magyars · Colombia
943
+15
🇻🇪 Magyars · Venezuela
915
-15
chepex2001
6:56 Loom
11:34 Feudal Age
11:46 Man-at-Arms
13:19 Double-Bit Axe
14:51 Arson
19:19 Horse Collar
19:49 Fletching
25:54 Castle Age
25:59 Long Swordsman
26:00 Pikeman
28:20 Scale Mail Armor
32:16 Wheelbarrow
32:54 Heavy Plow
33:53 Elite Skirmisher
34:39 Thumb Ring
35:24 Bow Saw
36:26 Corvinian Army
38:05 Bodkin Arrow
39:05 Padded Archer Armor
42:03 Scale Barding Armor
46:15 Imperial Age
andresphones
6:45 Loom
9:22 Feudal Age
11:58 Double-Bit Axe
22:44 Castle Age
23:01 Fletching
23:12 Padded Archer Armor
22:50 Elite Skirmisher
24:43 Bodkin Arrow
26:01 Leather Archer Armor
29:18 Scale Barding Armor
29:51 Horse Collar
31:04 Wheelbarrow
33:40 Bow Saw
33:42 Husbandry
34:49 Thumb Ring
40:53 Imperial Age
39:29 Gold Mining
43:14 Chemistry
42:08 Cavalier
44:55 Two-Man Saw
44:14 Hand Cart
Connection lost

Rejoining the realm…

Still unreachable

The connection could not be restored.

Session expired

The server has moved on; the page needs a fresh start.